Map: Submarine LE

Players

jungler - Winner!

  • Race: Terran Terran
  • League: Master
  • Spawn Location: 5:00

Jeżozwierz

  • Race: Protoss Protoss
  • League: Master
  • Spawn Location: 11:00

VOD

https://www.youtube.com/watch?v=xJk4yXD-6ts

Description

uThermal's take on Byun's ebay block.

Time

  • Played on: Sept. 18, 2020, 3:24 p.m.
  • Length: 8:24
Show
View Real Time Build Order
Export as new Build Order

jungler Terran - Winner!

Build Orders:  

Get SALT Encoding   

  12  0:00  SCV  
  13  0:12  SCV  
  14  0:16  Supply Depot  
  14  0:24  SCV  
  14  0:27  Refinery  
  15  0:38  SCV  
  16  0:44  Barracks  
  16  0:50  SCV  
  17  1:02  SCV  
  18  1:13  Engineering Bay  
  18  1:14  SCV  
  19  1:31  Marine  
  19  1:32  Orbital Command  
  20  1:39  Factory  
  20  1:47  Supply Depot  
  20  1:50  Barracks Reactor  
  20  1:57  SCV  
  21  2:09  SCV  
  22  2:18  Command Center  
  22  2:30  Hellion x2  
  22  2:34  Supply Depot  
  26  2:38  SCV  
  27  2:46  Starport  
  27  2:52  Hellion  
  27  2:57  Hellion  
  31  2:59  SCV  
  32  3:11  SCV  
  33  3:14  Widow Mine  
  33  3:19  Widow Mine  
  36  3:24  Medivac  
  38  3:27  SCV  
  38  3:29  Barracks Tech Lab  
  39  3:35  Refinery  
  39  3:38  Widow Mine  
  39  3:39  Orbital Command  
  39  3:40  SCV  
  42  3:49  Widow Mine  
  42  3:52  SCV  
  43  4:02  Refinery  
  43  4:04  SCV  
  43  4:07  SCV  
  39  4:12  Starport Tech Lab, Bunker  
  39  4:16  SCV, Marine  
  39  4:17  Marine  
  41  4:19  SCV  
  41  4:22  Siege Tank  
  46  4:28  SCV  
  46  4:29  Supply Depot  
  46  4:31  SCV  
  48  4:34  Barracks  
  48  4:36  Marine x2  
  50  4:40  SCV  
  50  4:43  SCV  
  52  4:52  SCV, Raven  
  53  4:55  SCV  
  53  4:57  Marine  
  53  4:59  Barracks  
  57  5:01  Supply Depot  
  57  5:04  SCV  
  57  5:05  Marine  
  55  5:07  Siege Tank  
  55  5:10  SCV  
  59  5:15  Engineering Bay  
  59  5:16  SCV  
  59  5:17  Marine  
  61  5:22  SCV  
  61  5:24  Supply Depot  
  62  5:28  SCV  
  62  5:33  Marine  
  62  5:34  SCV  
  65  5:36  Marine  
  65  5:40  SCV  
  65  5:44  Terran Infantry Weapons Level 1, Marine  
  65  5:46  SCV, Stimpack  
  65  5:49  Starport Reactor  
  65  5:53  SCV, Supply Depot  
  65  5:54  Marine  
  65  5:55  Marauder, Factory Reactor, Combat Shield  
  69  5:58  SCV, Marine  
  69  6:04  Refinery  
  69  6:06  Marauder, Supply Depot  
  71  6:12  Marine  
  71  6:16  Marine, Marauder  
  71  6:18  Supply Depot  
  75  6:22  Missile Turret  
  75  6:26  Medivac  
  75  6:27  Missile Turret, Medivac  
  75  6:30  Marine, Marauder  
  82  6:34  Marine  
  82  6:35  Widow Mine  
  82  6:37  Marauder, Widow Mine  
  89  6:41  Supply Depot  
  89  6:43  Supply Depot  
  89  6:48  Marine  
  89  6:52  Marine  
  91  6:55  Marauder  
  91  6:56  Widow Mine  
  91  6:57  Medivac  
  91  6:58  Widow Mine  
  91  6:59  Marauder  
  101  7:04  Medivac  
  103  7:11  Command Center  
  103  7:14  Marine x2  
  105  7:19  Widow Mine x2  
  105  7:21  Marauder  
  111  7:28  Marauder  
  113  7:30  Supply Depot, Medivac  
  113  7:32  Marine  
  116  7:38  Marine  
  116  7:40  Widow Mine  
  116  7:43  Marauder  
  118  7:52  SCV x2, Marine, Marauder  
  118  7:56  Marine  
  124  8:03  Marine  
  124  8:07  Barracks  
  124  8:08  Barracks  
Show
View Real Time Build Order
Export as new Build Order

Jeżozwierz Protoss 

Build Orders:  

Get SALT Encoding   

  12  0:00  Probe  
  13  0:13  Probe (Chrono Boost)  
  14  0:17  Pylon  
  14  0:25  Probe (Chrono Boost)  
  15  0:34  Probe (Chrono Boost)  
  16  0:37  Gateway  
  16  0:43  Probe  
  16  0:46  Assimilator  
  17  0:55  Probe  
  18  1:07  Probe  
  19  1:20  Probe  
  19  1:23  Zealot (Chrono Boost)  
  22  1:32  Probe  
  23  1:33  Cybernetics Core  
  23  1:36  Pylon  
  23  1:46  Assimilator  
  23  1:54  Probe  
  24  2:02  Assimilator  
  24  2:06  Probe  
  25  2:15  Nexus  
  25  2:17  Stalker (Chrono Boost)  
  26  2:23  Probe  
  27  2:35  Probe, Twilight Council  
  28  2:43  Stalker  
  30  2:50  Probe  
  31  3:00  Pylon  
  29  3:09  Probe  
  30  3:18  Stalker  
  32  3:21  Charge  
  32  3:23  Warp Gate (Chrono Boost)  
  32  3:27  Probe  
  32  3:29  Probe  
  34  3:38  Gateway  
  34  3:41  Pylon  
  33  3:48  Probe  
  27  3:56  Stalker  
  27  3:58  Probe  
  27  4:05  Probe  
  26  4:10  Probe (Chrono Boost)  
  27  4:22  Probe x2 (Chrono Boost)  
  29  4:25  Robotics Facility  
  29  4:29  Probe (Chrono Boost)  
  31  4:31  Probe (Chrono Boost)  
  31  4:38  Probe (Chrono Boost)  
  32  4:47  Probe (Chrono Boost)  
  32  4:51  Probe (Chrono Boost)  
  30  4:55  Probe  
  31  5:01  Probe  
  32  5:07  Probe  
  32  5:12  Observer  
  32  5:14  Probe  
  35  5:19  Probe  
  36  5:26  Probe  
  37  5:31  Probe  
  37  5:33  Warp Prism (Chrono Boost)  
  40  5:38  Probe  
  41  5:43  Probe  
  41  5:50  Probe  
  42  6:00  Gateway  
  42  6:01  Gateway  
  42  6:04  Probe  
  43  6:14  Gateway  
  43  6:26  Gateway  
  43  6:27  Gateway  
  43  6:29  Gateway  
  43  6:42  Pylon  
  43  6:43  Gateway  
  40  6:56  Probe  
  40  6:57  Probe  
  40  6:58  Zealot x2  
  40  6:59  Zealot x2  
  50  7:07  Templar Archives  
  50  7:08  Assimilator  
  50  7:09  Probe x2 (Chrono Boost)  
  52  7:18  Probe x2 (Chrono Boost)  
  52  7:21  Observer  
  55  7:23  Probe x2 (Chrono Boost)  
  57  7:30  Zealot x2  
  57  7:35  Probe  
  62  7:38  Pylon  
  62  7:39  Shield Battery  
  62  7:40  Pylon x2  
  62  7:49  Pylon  
  62  7:51  Zealot  
  62  7:55  Assimilator  
  62  7:57  Pylon  
  62  7:58  Zealot x2  
  64  8:00  Zealot x2, High Templar  
  64  8:01  Zealot  
  64  8:02  Zealot  
  52  8:15  High Templar  
  52  8:20  Zealot  
  52  8:21  Zealot x2  
Tags
 
Add a new tag
Caveats
  • Supply blocks, unpowered buildings, or Contaminate may cause inaccurate times.
  • Supply counts are checked every 10 seconds.